 Dungeon Crawl Stone Soup version 0.29-a0-495-g17b79114eb (webtiles) character file.

Game seed: 12823543763211401064

1103 sammy202020 the Skirmisher (level 8, -3/71 HPs)
             Began as a Minotaur Fighter on May 28, 2022.
             Killed from afar by an orc wizard (5 damage)
             ... with a puff of flame
             ... on level 6 of the Dungeon.
             The game lasted 00:05:14 (4746 turns).

sammy202020 the Skirmisher (Minotaur Fighter)       Turns: 4746, Time: 00:05:15

Health: -3/71      AC:  9    Str: 21    XL:     8   Next: 10%
Magic:  7/7        EV:  9    Int:  7    God:
Gold:   268        SH:  6    Dex: 10    Spells: 7/7 levels left

rFire   + . .      SeeInvis .   a - +1 war axe
rCold   + . .      Faith    .   c - +1 buckler
rNeg    . . .      Spirit   .   b - +0 scale mail
rPois   .          Reflect  .   (helmet restricted)
rElec   .          Harm     .   (no cloak)
rCorr   .          Rampage  .   (no gloves)
Will    .....                   t - +0 pair of boots
Stlth   ..........              (no amulet)
HPRegen 0.21/turn               m - ring of protection from cold
MPRegen 0.10/turn               g - ring of protection from fire

@: mighty
A: horns 2, retaliatory headbutt
a: no special abilities


You were on level 6 of the Dungeon.
You visited 1 branch of the dungeon, and saw 6 of its levels.

You collected 268 gold pieces.

Inventory:

Hand Weapons
 a - a +1 war axe (weapon)
 e - a +0 flail
 w - a +0 dire flail of venom
Armour
 b - a +0 scale mail (worn)
 c - a +1 buckler (worn)
 t - a +0 pair of boots (worn)
Jewellery
 g - a ring of protection from fire (right hand)
 m - a ring of protection from cold (left hand)
 v - a ring of wizardry
 x - an amulet of faith
Scrolls
 h - a scroll of teleportation
 r - 3 scrolls of amnesia
 u - 2 scrolls of enchant armour
Potions
 d - a potion of might
 f - 4 potions of resistance
 i - 2 potions of ambrosia {unknown}
 j - a potion of mutation {unknown}
 k - 4 potions of haste {unknown}
 l - 2 potions of curing
 n - a potion of invisibility {unknown}
 o - a potion of heal wounds {unknown}
 p - 2 potions of berserk rage {unknown}
 q - a potion of brilliance {unknown}
 s - 2 potions of degeneration {unknown}
 z - a potion of magic {unknown}


   Skills:
 + Level 6.8 Fighting
 + Level 6.1 Axes
 + Level 6.7 Armour
 + Level 6.7 Shields


You had 7 spell levels left.
You didn't know any spells.
Your spell library contained the following spells:

 Spells                   Type           Power      Damage    Failure   Level
 Freeze                   Ice            0%         1d3       82%         1
 Scorch                   Fire           0%         2d5       91%         2
 Frozen Ramparts          Ice            0%         1d2       99%         3
 Flame Wave               Conj/Fire      0%         2d4       100%        4
 Hailstorm                Conj/Ice       0%         3d3       100%        4
 Summon Cactus Giant      Summ           0%         N/A       100%        6


Dungeon Overview and Level Annotations

Branches:
Dungeon (6/15)
 Temple: D:4-7

Altars:
Zin


Innate Abilities, Weirdness & Mutations

You have a pair of horns on your head.
You reflexively headbutt those who attack you in melee.


Message History

The orc is moderately wounded.
You hit the orc warrior but do no damage.
An adder comes into view.
The orc closely misses you.
The orc warrior hits you but does no damage.
You hit the orc.
The orc is almost dead.
You barely miss the orc warrior. You closely miss something.
Something hits you but does no damage. The orc hits you with a +0 trident.
The orc warrior hits you with a +0 short sword.
You hit the orc.
You kill the orc!
You barely miss something. You hit the orc warrior. You barely miss the orc.
The orc warrior barely misses you. You furiously retaliate!
You headbutt the orc warrior, but do no damage.
Something hits you but does no damage. The orc hits you with a +0 mace.
* * * LOW HITPOINT WARNING * * *
The orc priest mumbles some strange prayers to Beogh against you.
You struggle to resist.
The orc warrior hits you with a +0 short sword!
* * * LOW HITPOINT WARNING * * *
The orc hits you but does no damage.
The orc priest calls down the wrath of Beogh upon you.
Beogh smites you!
* * * LOW HITPOINT WARNING * * *
Something hits you but does no damage. The orc barely misses you.
You furiously retaliate!
You headbutt the orc!
You kill the orc!
You feel very mighty all of a sudden.
The kobold throws a stone.
The stone closely misses you. Something hits you but does no damage.
The orc hits you but does no damage. The orc warrior barely misses you.
You furiously retaliate!
You headbutt the orc warrior! You slash the orc priest!
The orc priest is heavily wounded.
You completely miss the orc. You hit the orc warrior. You slash something!
You hear some strange, mumbled words.
A puff of flame appears from out of thin air!
The puff of flame hits you. You resist.
You die...

...... ..#...
......##..#..
............
...........
..........
.....K.S.
....o.oo##
###@)###
#.{o)..#
.......)...#
...............
..............#
............#..
.##.......[.# .
#..........
#.[.........


You could see an orc warrior, 2 orc priests, an adder, an orc and a kobold.

Vanquished Creatures
  Edmund (D:5)
  Menkaure (D:4)
  An ice beast (D:5)
  A black bear (D:4)
  A phantom (D:5)
  A kobold brigand (D:6)
  Blork the orc (D:5)
  A necrophage (D:5)
  A scorpion (D:5)
  2 hounds
  An iguana (D:5)
  2 orc wizards
  4 gnolls (D:4)
  9 adders
  2 worms
  4 dart slugs
  11 orcs
  6 ball pythons
  9 bats
  4 endoplasms
  4 giant cockroaches
  7 hobgoblins
  10 kobolds
  4 quokkas
  2 frilled lizards
  4 goblins
  4 rats
98 creatures vanquished.

Notes
Turn   | Place    | Note
-------+----------+-------------------------------------------
     0 | D:1      | sammy202020 the Minotaur Fighter began the quest for the
                  | Orb.
     0 | D:1      | Reached XP level 1. HP: 19/19 MP: 0/0
   277 | D:1      | Reached XP level 2. HP: 27/27 MP: 1/1
   375 | D:1      | Found a faded altar of an unknown god.
   987 | D:2      | Reached XP level 3. HP: 25/33 MP: 2/2
  1292 | D:2      | Identified the +1 robe of Syndicalism {rN+ Dex+3}
  1565 | D:3      | Reached XP level 4. HP: 41/41 MP: 3/3
  2019 | D:3      | Reached XP level 5. HP: 22/47 MP: 4/4
  2197 | D:3      | You fall into a shaft and drop 1 floor!
  2395 | D:4      | Noticed Menkaure
  2399 | D:4      | Reached skill level 5 in Fighting
  2399 | D:4      | Reached skill level 5 in Armour
  2399 | D:4      | Reached skill level 5 in Shields
  2401 | D:4      | Killed Menkaure
  2402 | D:4      | Reached XP level 6. HP: 44/56 MP: 5/5
  3042 | D:4      | Found a glowing silver altar of Zin.
  3505 | D:5      | Entered Level 5 of the Dungeon
  3555 | D:5      | Noticed Blork the orc
  3565 | D:5      | Killed Blork the orc
  3566 | D:5      | Reached skill level 5 in Axes
  3566 | D:5      | Reached XP level 7. HP: 24/62 MP: 6/6
  3857 | D:5      | Noticed Edmund
  3868 | D:5      | Killed Edmund
  4087 | D:5      | Reached XP level 8. HP: 65/71 MP: 7/7
  4744 | D:6      | HP: 2/71 [orc priest/divine providence (9)]
  4746 | D:6      | Killed from afar by an orc wizard

Illustrated notes

Levels and vault maps discovered:
D:1:      psy_arrival_conway, layout_rooms,
          shapermc_ecumenical_altar_mp_ritualfount, minivault_14
D:2:      layout_rooms
D:3:      layout_basic
D:4:      layout_rooms, zin_scriptorium, uniq_menkaure
D:5:      layout_basic, uniq_edmund, uniq_blork_the_orc
D:6:      layout_cave_pools, mainiacjoe_overflow_boulevard,
          nicolae_overflow_hidden_temple, mainiacjoe_overflow_cross_hatched,
          minmay_temple_entry_junction, portal_sewer_entry_b, serial_shops,
          nicolae_shop_window_shopping, palyth_stone_intersect, uniq_duvessa

Skill      XL: |  1  2  3  4  5  6  7  8 |
---------------+-------------------------+-----
Fighting       | 4 5 6 |  6.8
Armour         | 4 5 6 |  6.7
Shields        | 4 5 6 |  6.7
Axes           | 3 4 5 6 |  6.1

Action                   |  1- 3 |  4- 6 |  7- 9 || total
-------------------------+-------+-------+-------++-------
Melee: War axe           |    85 |   122 |    52 ||   259
       Headbutt          |    15 |    22 |     9 ||    46
  Use: Scroll            |     6 |     2 |     1 ||     9
       Potion            |       |       |     1 ||     1
Armor: Scale mail        |    35 |    69 |    27 ||   131
Dodge: Dodged            |    50 |    48 |    24 ||   122
Block: Buckler           |    33 |    32 |    14 ||    79

Table legend: (Time is in decaauts)
 A = Elapsed time spent in this place.
 B = Non-inter-level travel time spent in this place.
 C = Inter-level travel time spent in this place.
 D = Time resting spent in this place.
 E = Time spent auto-exploring this place.
 F = Levels seen in this place.
 G = Mean time per level.
                   A        B        C        D        E       F      G
               +--------+--------+--------+--------+--------+-----+--------+
         Total |   4837 |   4837 |      0 |    100 |   3771 |   6 |  806.2 |
       Dungeon |   4837 |   4837 |      0 |    100 |   3771 |   6 |  806.2 |
               +--------+--------+--------+--------+--------+-----+--------+

Top non-repeatable levels by time:
     D:5: 1244 daAuts
     D:3: 1160 daAuts
     D:1: 993 daAuts
     D:4: 824 daAuts
     D:2: 603 daAuts
     D:6: 11 daAuts
